 Dungeon Crawl Stone Soup version 0.31-a0-174-g85c54bcb58 (webtiles) character file.

Game seed: 11444962354091320085

969 qw the Chopper (level 8, -6/49 HPs)
             Began as a Gargoyle Fighter on June 15, 2023.
             Mangled by a two-headed ogre
             ... wielding a +0 giant club
              (11 damage)
             ... on level 6 of the Dungeon.
             The game lasted 00:02:28 (5257 turns).

qw the Chopper (Gargoyle Fighter)                   Turns: 5257, Time: 00:02:29

Health: -6/49      AC: 16    Str: 23    XL:     8   Next: 16%
Magic:  8/8        EV:  8    Int:  8    God:
Gold:   161        SH:  4    Dex:  9    Spells: 7/7 levels left

rFire   . . .        Y - +0 war axe
rCold   . . .        c - +0 buckler
rNeg    + . .        h - +0 chain mail
rPois   inf          e - +2 hat
rElec   +            (no cloak)
rCorr   .            (no gloves)
SInv    .            (no boots)
Will    .....        (no amulet) Stlth
                     (no ring)
HPRegen 0.28/turn    (no ring)
MPRegen 0.11/turn

%: no passive effects
@: no status effects
A: sickness immunity, AC +5, negative energy resistance 1, electricity
resistance, torment resistance 1, petrification resistance
a: no special abilities


You were on level 6 of the Dungeon.
You visited 1 branch of the dungeon, and saw 6 of its levels.

You collected 249 gold pieces.
You spent 88 gold pieces at shops.


Innate Abilities, Weirdness & Mutations

You are immune to sickness and miasma.
Your stone body is resilient. (AC +5)
You are immune to poison.
You resist negative energy. (rN+)
You are resistant to electric shocks. (rElec)
You are resistant to unholy torment.
You are immune to petrification.


   Skills:
 - Level 5.0 Fighting
 + Level 7.3 Axes
 - Level 1.4 Throwing
 - Level 3.2 Armour
 - Level 1.8 Dodging
 - Level 3.2 Shields


You had 7 spell levels left.
You didn't know any spells.
Your spell library was empty.

Inventory:

Hand Weapons
 b - a +0 heavy flail
 Y - a +0 war axe (weapon)
Missiles
 p - 7 boomerangs (quivered)
Armour
 c - a +0 buckler (worn)
 e - a +2 hat (worn)
 h - a +0 chain mail (worn)
Jewellery
 g - a ring of fire
Wands
 l - a wand of digging (2)
Scrolls
 a - a scroll of identify
 j - 2 scrolls of teleportation
Potions
 d - 3 potions of might
 f - a potion of lignification
 i - a potion of magic {unknown}
 k - a potion of haste {unknown}
 m - 2 potions of curing {unknown}
 o - a potion of mutation {unknown}

Dungeon Overview and Level Annotations

Branches:
Dungeon (6/15)
 Temple: D:4-7

Altars:
Nemelex Xobeh
Qazlal

Shops:
D:1 [   D:3 !=([   D:5 [


Message History

You slash the ogre! You block the white imp's attack.
You hit the white imp but do no damage.
The white imp is almost dead.
You slash the ogre!
You kill the ogre!
The white imp gestures at you. The puff of frost hits you.
The white imp gestures at you. You block the puff of frost.
You hit the white imp.
You kill the white imp!
You start resting.
HP restored.
m - 2 murky grey potions (gained 1)
A two-headed ogre comes into view. It is wielding two +0 giant clubs.
The two-headed ogre shouts in stereo!
Enter note:
Enter note: You barely miss the two-headed ogre.
The two-headed ogre completely misses you.
You block the two-headed ogre's attack.
You hit the two-headed ogre.
The two-headed ogre is lightly wounded.
The two-headed ogre hits you with a +0 giant club!
The two-headed ogre closely misses you.
You barely miss the two-headed ogre.
The two-headed ogre is lightly wounded.
You completely miss the two-headed ogre.
The two-headed ogre is lightly wounded.
The two-headed ogre barely misses you. You block the two-headed ogre's attack.
You slash the two-headed ogre!
The two-headed ogre is moderately wounded.
The two-headed ogre barely misses you.
The two-headed ogre hits you with a +0 giant club!
You hit the two-headed ogre.
The two-headed ogre is moderately wounded.
The two-headed ogre hits you with a +0 giant club!!
The two-headed ogre hits you with a +0 giant club!
You die...

. +....)...... ....
#+###.)).#### .... #.#
#..[...###
...###.###.<.......
...........#..#....
#.#......#..#.###.. #
#.##.#...#..#.###..
....##O#................
......[@..........<.....
###.....................
#.#..##.#.###.........
#.... #.#.............
###.. #.#..###........
### #....###..###...
.......)........
........#..#....
................


You could see a two-headed ogre.

Vanquished Creatures
  Edmund (D:5)
  An ice beast (D:4)
  A black bear (D:4)
  An ogre (D:6)
  3 hounds
  4 orc priests
  A jelly (D:4)
  A gnoll bouda (D:6)
  Natasha (D:2)
  An orc wizard (D:3)
  An iguana (D:6)
  9 adders
  4 gnolls (D:6)
  A shadow imp (D:6)
  2 white imps
  2 ufetubi
  3 dart slugs
  14 orcs
  5 ball pythons
  6 bats
  9 endoplasms
  13 goblins
  6 hobgoblins
  3 jackals (D:1)
  3 quokkas (D:1)
  2 frilled lizards
  5 kobolds
  5 rats
108 creatures vanquished.

Notes
Turn   | Place    | Note
-------+----------+-------------------------------------------
     0 | D:1      | qw the Gargoyle Fighter began the quest for the Orb.
     0 | D:1      | Reached XP level 1. HP: 14/14 MP: 1/1
     0 | D:1      | 0 ||| qw: Version: 0.2-a-29-g511e9b1
     0 | D:1      | 0 ||| qw: Game counter: 5554
     0 | D:1      | 0 ||| qw: Always use a shield: true
     0 | D:1      | 0 ||| qw: God list: Okawaru
     0 | D:1      | 0 ||| qw: Allow faded altars: false
     0 | D:1      | 0 ||| qw: Do Orc after D:15 true
     0 | D:1      | 0 ||| qw: Do second Lair branch before Depths: true
     0 | D:1      | 0 ||| qw: Lair rune preference: random
     0 | D:1      | 0 ||| qw: Plans: Normal, Zot:1-4, Slime:5, God:TSO, Crypt,
                  | Tomb, Abyss, Pan, Hells, Win
     0 | D:1      | 0 ||| PLANNING D:1-11
    46 | D:1      | 46 ||| Stepping ~*~*~tactically~*~*~ (stealth).
    48 | D:1      | Reached skill level 2 in Axes
    58 | D:1      | Reached XP level 2. HP: 15/19 MP: 2/2
    60 | D:1      | 60 ||| Stepping ~*~*~tactically~*~*~ (stealth).
    61 | D:1      | 61 ||| Stepping ~*~*~tactically~*~*~ (stealth).
   216 | D:1      | 216 ||| Stepping ~*~*~tactically~*~*~ (stealth).
   228 | D:1      | 228 ||| Stepping ~*~*~tactically~*~*~ (hiding).
   229 | D:1      | 229 ||| Stepping ~*~*~tactically~*~*~ (hiding).
   236 | D:1      | Reached skill level 3 in Axes
   251 | D:1      | 251 ||| Stepping ~*~*~tactically~*~*~ (stealth).
   268 | D:1      | Reached XP level 3. HP: 20/23 MP: 3/3
   313 | D:1      | Found Lybon's Armour Shoppe.
   334 | D:1      | Found a faded altar of an unknown god.
   336 | D:1      | 336 ||| SHOPLISTING +0 helmet (58 gold, have 22).
   336 | D:1      | 336 ||| SHOPLISTING +0 pair of boots (58 gold, have 22).
   336 | D:1      | 336 ||| SHOPLISTING +3 scale mail of cold resistance (338
                  | gold, have 22).
   755 | D:1      | 755 ||| READING scroll labelled ATZOUTWOPE.
   758 | D:1      | 758 ||| READING scroll labelled VAOZXIN DIEGOCH.
   759 | D:1      | 759 ||| READING scroll labelled ZABEOGGIET.
   760 | D:1      | 760 ||| DRINKING 2 dark potions.
   761 | D:1      | 761 ||| DROPPING potion of brilliance.
  1146 | D:2      | Reached XP level 4. HP: 28/28 MP: 4/4
  1202 | D:2      | 1202 ||| DROPPING +0 whip.
  1343 | D:2      | Reached skill level 4 in Axes
  1581 | D:2      | Noticed Natasha
  1582 | D:2      | 1582 ||| Stepping ~*~*~tactically~*~*~ (hiding).
  1593 | D:2      | Killed Natasha
  1786 | D:2      | 1786 ||| UPGRADING to +2 hat.
  1791 | D:2      | 1791 ||| READING scroll labelled SABRECZ LEALIA.
  1818 | D:3      | 1818 ||| Stepping ~*~*~tactically~*~*~ (hiding).
  1836 | D:3      | Reached XP level 5. HP: 27/32 MP: 5/5
  1863 | D:3      | HP: 8/32 [orc priest/+0 flail (3)]
  1865 | D:3      | Reached skill level 5 in Axes
  1897 | D:3      | 1897 ||| FLEEEEING.
  1898 | D:3      | 1898 ||| FLEEEEING.
  1899 | D:3      | 1899 ||| FLEEEEING.
  1900 | D:3      | 1900 ||| FLEEEEING.
  1901 | D:3      | 1901 ||| STAIRDANCE
  1960 | D:3      | 1960 ||| STAIRDANCE
  2006 | D:3      | 2006 ||| Stepping ~*~*~tactically~*~*~ (hiding).
  2010 | D:3      | 2010 ||| Stepping ~*~*~tactically~*~*~ (hiding).
  2011 | D:3      | 2011 ||| Stepping ~*~*~tactically~*~*~ (hiding).
  2027 | D:3      | Reached skill level 1 in Throwing
  2109 | D:3      | 2109 ||| Stepping ~*~*~tactically~*~*~ (stealth).
  2110 | D:3      | 2110 ||| DROPPING +0 mace.
  2125 | D:3      | 2125 ||| Stepping ~*~*~tactically~*~*~ (hiding).
  2126 | D:3      | 2126 ||| Stepping ~*~*~tactically~*~*~ (hiding).
  2127 | D:3      | 2127 ||| Stepping ~*~*~tactically~*~*~ (hiding).
  2274 | D:3      | 2274 ||| Stepping ~*~*~tactically~*~*~ (stealth).
  2275 | D:3      | 2275 ||| Stepping ~*~*~tactically~*~*~ (stealth).
  2276 | D:3      | 2276 ||| Stepping ~*~*~tactically~*~*~ (stealth).
  2277 | D:3      | 2277 ||| Stepping ~*~*~tactically~*~*~ (stealth).
  2286 | D:3      | Found a sparkling altar of Nemelex Xobeh.
  2289 | D:3      | 2289 ||| Stepping ~*~*~tactically~*~*~ (stealth).
  2325 | D:3      | 2325 ||| Stepping ~*~*~tactically~*~*~ (stealth).
  2333 | D:3      | 2333 ||| Stepping ~*~*~tactically~*~*~ (stealth).
  2336 | D:3      | Reached XP level 6. HP: 37/37 MP: 6/6
  2341 | D:3      | 2341 ||| Stepping ~*~*~tactically~*~*~ (stealth).
  2342 | D:3      | 2342 ||| Stepping ~*~*~tactically~*~*~ (stealth).
  2359 | D:3      | 2359 ||| Stepping ~*~*~tactically~*~*~ (stealth).
  2365 | D:3      | 2365 ||| Stepping ~*~*~tactically~*~*~ (stealth).
  2369 | D:3      | 2369 ||| Stepping ~*~*~tactically~*~*~ (stealth).
  2374 | D:3      | 2374 ||| Stepping ~*~*~tactically~*~*~ (stealth).
  2375 | D:3      | 2375 ||| Stepping ~*~*~tactically~*~*~ (stealth).
  2376 | D:3      | 2376 ||| Stepping ~*~*~tactically~*~*~ (stealth).
  2377 | D:3      | 2377 ||| Stepping ~*~*~tactically~*~*~ (stealth).
  2445 | D:3      | Found Nurav's Antique Armour Shop.
  2458 | D:3      | 2458 ||| SHOPLISTING chain mail (112 gold, have 69).
  2458 | D:3      | 2458 ||| SHOPLISTING cloak (112 gold, have 69).
  2458 | D:3      | 2458 ||| SHOPLISTING glowing plate armour (650 gold, have
                  | 69).
  2484 | D:3      | Found Keic's Antique Weapon Boutique.
  2734 | D:3      | Found Unenoasell's Distillery.
  2742 | D:3      | 2742 ||| BUYING 2 potions of might (88 gold).
  2742 | D:3      | Bought 2 potions of might for 88 gold pieces
  2742 | D:3      | 2742 ||| SHOPLISTING potion of attraction (33 gold, have
                  | 0).
  2742 | D:3      | 2742 ||| SHOPLISTING potion of cancellation (88 gold, have
                  | 0).
  2742 | D:3      | 2742 ||| SHOPLISTING potion of curing (33 gold, have 0).
  2742 | D:3      | 2742 ||| SHOPLISTING potion of heal wounds (55 gold, have
                  | 0).
  2742 | D:3      | 2742 ||| SHOPLISTING potion of magic (88 gold, have 0).
  2742 | D:3      | 2742 ||| SHOPLISTING potion of mutation (88 gold, have 0).
  2770 | D:3      | Found Vulatrud's Jewellery Shoppe.
  2776 | D:3      | 2776 ||| SHOPLISTING +4 ring of protection (468 gold, have
                  | 4).
  2776 | D:3      | 2776 ||| SHOPLISTING +5 ring of evasion (468 gold, have 4).
  2776 | D:3      | 2776 ||| SHOPLISTING ring of fire (325 gold, have 4).
  2811 | D:3      | 2811 ||| READING scroll labelled MOELYL LOFENO.
  2812 | D:3      | 2812 ||| READING scroll labelled YHUARI POHEI.
  2919 | D:4      | Noticed a black bear
  2933 | D:4      | Killed a black bear
  2934 | D:4      | Reached skill level 1 in Dodging
  3110 | D:4      | 3110 ||| Stepping ~*~*~tactically~*~*~ (hiding).
  3111 | D:4      | 3111 ||| Stepping ~*~*~tactically~*~*~ (hiding).
  3310 | D:4      | Found a stormy altar of Qazlal.
  3575 | D:4      | 3575 ||| UPGRADING to +0 chain mail.
  3585 | D:4      | 3585 ||| DROPPING +0 scale mail.
  3586 | D:4      | 3586 ||| READING scroll labelled ZEQUAHE KENAN.
  3635 | D:5      | Entered Level 5 of the Dungeon
  3674 | D:5      | Noticed Edmund
  3689 | D:5      | Killed Edmund
  3689 | D:5      | Noticed an ice beast
  3690 | D:5      | Reached skill level 6 in Axes
  3690 | D:5      | Reached XP level 7. HP: 22/43 MP: 7/7
  3690 | D:5      | 3690 ||| FLEEEEING.
  3691 | D:5      | 3691 ||| FLEEEEING.
  3692 | D:5      | 3692 ||| FLEEEEING.
  3693 | D:5      | 3693 ||| FLEEEEING.
  3694 | D:5      | 3694 ||| FLEEEEING.
  3695 | D:5      | 3695 ||| FLEEEEING.
  3696 | D:5      | 3696 ||| FLEEEEING.
  3697 | D:5      | 3697 ||| FLEEEEING.
  3698 | D:5      | 3698 ||| FLEEEEING.
  3699 | D:5      | 3699 ||| FLEEEEING.
  3700 | D:5      | 3700 ||| FLEEEEING.
  3701 | D:5      | 3701 ||| FLEEEEING.
  3702 | D:5      | 3702 ||| STAIRDANCE
  3765 | D:4      | 3765 ||| READING 2 scrolls labelled AJAOTE VERGHOES.
  3798 | D:4      | 3798 ||| READING 2 scrolls of identify.
  3798 | D:4      | 3798 ||| IDENTIFYING purple potion
  3799 | D:4      | 3799 ||| DROPPING scroll of torment.
  3800 | D:4      | 3800 ||| DROPPING potion of degeneration.
  3818 | D:5      | 3818 ||| FLEEEEING.
  3819 | D:5      | 3819 ||| STAIRDANCE
  3854 | D:5      | 3854 ||| STAIRDANCE
  3985 | D:5      | 3985 ||| DROPPING +0 flail.
  3996 | D:5      | Found Raisaggu's Armour Boutique.
  3999 | D:5      | 3999 ||| SHOPLISTING +0 plate armour (276 gold, have 121).
  4468 | D:5      | 4468 ||| Stepping ~*~*~tactically~*~*~ (hiding).
  4469 | D:5      | 4469 ||| Stepping ~*~*~tactically~*~*~ (hiding).
  4472 | D:5      | 4472 ||| Stepping ~*~*~tactically~*~*~ (hiding).
  4832 | D:5      | 4832 ||| READING scroll labelled YMIYKH HUNEIRI VIK.
  4833 | D:5      | 4833 ||| READING scroll labelled GAGADU UCLO.
  4834 | D:5      | 4834 ||| DRINKING 2 murky purple potions.
  4923 | D:6      | Reached skill level 7 in Axes
  4938 | D:6      | HP: 10/44 [gnoll/+0 spear[a gnoll bouda] (4)]
  4939 | D:6      | 4939 ||| READING 3 scrolls of teleportation.
  4944 | D:6      | 4944 ||| FLEEEEING.
  4946 | D:6      | 4946 ||| STAIRDANCE
  5078 | D:6      | 5078 ||| FLEEEEING.
  5080 | D:6      | 5080 ||| STAIRDANCE
  5126 | D:6      | Reached XP level 8. HP: 48/48 MP: 8/8
  5136 | D:6      | 5136 ||| Stepping ~*~*~tactically~*~*~ (stealth).
  5137 | D:6      | 5137 ||| Stepping ~*~*~tactically~*~*~ (stealth).
  5251 | D:6      | Noticed a two-headed ogre
  5257 | D:6      | HP: 5/49 [two-headed ogre/+0 giant club (23)]
  5257 | D:6      | Mangled by a two-headed ogre

Levels and vault maps discovered:
D:1:      eino_arrival_druids_welcome, layout_loops_ring,
          ebering_ecumenical_altar_mist, serial_shops,
          nicolae_shop_advertising_works [nicolae_subvault_shop_adworks],
          st_stairs_7, minmay_misc_feat_x
D:2:      mumra_celtic_spiral_tile, layout_basic, serial_curves, eino_curves_03,
          eino_curves_03, uniq_natasha
D:3:      layout_loops_cross, mainiacjoe_overflow_24_doors, serial_shops,
          nicolae_shop_rolling_square, nicolae_shop_hallway_plus,
          nicolae_shop_just_a_little_nook, nicolae_shop_overgrown_old_shop
D:4:      layout_cave_pools, lemuel_round_altar, minmay_misc_feat_plants,
          serial_bayou_lagoon_a, serial_bayou_pond_a
D:5:      layout_layer_cave, serial_shops, nicolae_shop_behind_doors,
          uniq_edmund
D:6:      layout_basic, xom_butterflies, lemuel_doored_altar, chequers_garden

Skill      XL: |  1  2  3  4  5  6  7  8 |
---------------+-------------------------+-----
Axes           | 2 3 4 5 6 7 |  7.3
Throwing       | 1 |  1.4
Fighting       | 4 5 |  5.0
Dodging        | 1 |  1.8
Armour         | |  3.2
Shields        | |  3.2

Action                     |  1- 3 |  4- 6 |  7- 9 || total
---------------------------+-------+-------+-------++-------
  Melee: War axe           |   100 |   182 |    82 ||   364
  Throw: Boomerang         |       |    15 |    11 ||    26
    Use: Scroll            |     3 |     4 |     5 ||    12
         Potion            |     1 |       |     1 ||     2
 Armour: Scale mail        |    51 |   118 |       ||   169
         Chain mail        |       |     1 |    53 ||    54
  Dodge: Dodged            |    52 |    83 |    33 ||   168
  Block: Buckler           |    18 |    26 |    16 ||    60

Table legend:
 A = Non-vault XP
 B = Vault XP
 C = Vault XP percentage of total XP
 D = Non-vault monster count
 E = Vault monster count
 F = Vault count percentage of total count
                 A         B        C        D         E       F
            +---------+---------+-------+---------+---------+-------
      Total |    1192 |     193 |  13.9 |     104 |       4 |   3.7
            +---------+---------+-------+---------+---------+-------
        D:1 |      63 |       3 |   4.5 |      34 |       2 |   5.6
        D:2 |      48 |      36 |  42.9 |      10 |       1 |   9.1
        D:3 |     197 |       0 |   0.0 |      23 |       0 |   0.0
        D:4 |     383 |       0 |   0.0 |      16 |       0 |   0.0
        D:5 |     182 |     154 |  45.8 |      10 |       1 |   9.1
        D:6 |     319 |       0 |   0.0 |      11 |       0 |   0.0
            +---------+---------+-------+---------+---------+-------
